 Dungeon Crawl Stone Soup version 0.23.2-30-g0e89c35649 (webtiles) character file.

Game seed: 10977025320050021338

9818 TrebMcFLY the Arsonist (level 11, -20/62 HPs)
             Began as a Deep Elf Fire Elementalist on June 15, 2019.
             Was a Believer of Sif Muna.
             Demolished by a stone giant (42 damage)
             ... on level 10 of the Dungeon.
             The game lasted 00:55:22 (13169 turns).

TrebMcFLY the Arsonist (DEFE)                      Turns: 13169, Time: 00:55:23

Health: -20/62     AC: 11    Str:  7    XL:     11   Next: 28%
Magic:  0/26       EV: 15    Int: 24    God:    Sif Muna [**....]
Gold:   410        SH:  0    Dex: 15    Spells: 10/28 levels left

rFire    + . .     SeeInvis .   H - +9 falchion (freeze)
rCold    x . .     Gourm    .   (no shield)
rNeg     . . .     Faith    .   u - +3 robe of Hairiness {+Blink Str+2 Stlth-}
rPois    .         Spirit   .   x - +2 hat
rElec    .         Reflect  .   (no cloak)
rCorr    .         Harm     .   d - +0 pair of gloves
MR       +....                  G - +0 pair of boots
Stlth    +.........             (no amulet)
HPRegen  0.20/turn              n - +2 ring of protection
MPRegen  0.20/turn              k - ring of fire

@: confused, very slightly contaminated, no casting
A: no striking features
a: Stop Divine Energy, Renounce Religion, Evoke Blink


You were on level 10 of the Dungeon.
You worshipped Sif Muna.
Sif Muna was pleased with you.
You were hungry.

You visited 2 branches of the dungeon, and saw 11 of its levels.

You collected 410 gold pieces.

Inventory:

Hand Weapons
 H - a +9 falchion of freezing (weapon)
Missiles
 q - 4 tomahawks (quivered)
Armour
 a - a +0 robe
 d - a +0 pair of gloves (worn)
 u - the +3 robe of Hairiness (worn) {+Blink Str+2 Stlth-}
   (You found it on level 10 of the Dungeon)

   It affects your strength (+2).
   It lets you blink.
   It makes you less stealthy.
 v - a +0 helmet
 x - a +2 hat (worn)
 F - a +0 leather armour of poison resistance
 G - a +0 pair of boots (worn)
Jewellery
 k - a ring of fire (right hand)
 n - a +2 ring of protection (left hand)
 t - an uncursed ring of flight
 E - an uncursed ring of fire
Wands
 r - a wand of flame (36)
 s - a wand of polymorph (4)
 D - a wand of iceblast (20)
Scrolls
 b - 2 scrolls of blinking
 f - a scroll of enchant weapon {unknown}
 i - 2 scrolls of fog {unknown}
 m - a scroll of immolation
 o - 2 scrolls of remove curse {unknown}
 p - 2 scrolls of fear
 w - a scroll of teleportation
 y - a scroll of amnesia {unknown}
 C - a scroll of identify
 J - a scroll of acquirement {unknown}
Potions
 e - a potion of heal wounds {unknown}
 g - 5 potions of haste
 h - 7 potions of curing
 j - a potion of berserk rage {unknown}
 l - 3 potions of brilliance {unknown}
 z - a potion of lignification {unknown}
 A - a potion of degeneration {unknown}
 B - a potion of flight {unknown}
 K - 2 potions of resistance {unknown}
Comestibles
 c - 16 rations
 I - 11 chunks of flesh


   Skills:
 + Level 4.4 Fighting
 + Level 4.1 Armour
 - Level 5.4 Dodging
 + Level 7.9 Stealth
 + Level 9.1 Spellcasting
 + Level 7.3 Conjurations
 * Level 10.6 Fire Magic
 + Level 5.3 Earth Magic
 + Level 3.2 Invocations


You had 10 spell levels left.
You knew the following spells:

 Your Spells              Type           Power        Failure   Level  Hunger
a - Flame Tongue          Conj/Fire      #####        1%          1    None
b - Throw Flame           Conj/Fire      ######       1%          2    None
c - Conjure Flame         Conj/Fire      ######..     1%          3    None
d - Sticky Flame          Conj/Fire      ######..     1%          4    ##.....
e - Stone Arrow           Conj/Erth      #####.       1%          3    None
f - Fireball              Conj/Fire      ######....   4%          5    ####...

Your spell library contained the following spells:

 Spells                   Type           Power        Failure   Level  Hunger
 Sandblast                Erth           #####.       1%          1    None
 Throw Frost              Conj/Ice       ####..       1%          2    None
 Inner Flame              Hex/Fire       ######..     1%          3    None
 Passwall                 Tmut/Erth      ###.....     3%          2    None
 Animate Skeleton         Necr           N/A          6%          1    None
 Apportation              Tloc           ##....       6%          1    None
 Confusing Touch          Hex            ##....       6%          1    None
 Freeze                   Ice            ##..         6%          1    None
 Summon Small Mammal      Summ           ##..         6%          1    None
 Throw Icicle             Conj/Ice       ####....     13%         4    ##.....
 Ozocubu's Armour         Chrm/Ice       ##......     17%         3    None
 Petrify                  Tmut/Erth      ###.....     19%         4    ##.....
 Lee's Rapid Deconstruct  Erth           #####.....   19%         5    ####...
 Summon Ice Beast         Ice/Summ       ##......     50%         4    ##.....


Dungeon Overview and Level Annotations

Branches:
Dungeon (10/15)            Temple (1/1) D:5            Lair (0/6) D:9
    Orc: D:9-12

Altars:
Ashenzari
Cheibriados
Dithmenos
Elyvilon
Fedhas
Gozag
Hepliaklqana
Kikubaaqudgha
Makhleb
Nemelex Xobeh
Okawaru
Qazlal
Ru
Sif Muna
Trog
Uskayaw
Vehumet
Wu Jian
Xom
Yredelemnul
Zin

Annotations:
D:4 2 transporters


Message History

Press: ? - help, Shift-Dir - straight line, f/p - stone giant
Aim: a stone giant (heavily wounded)
You feel a surge of power!
The fireball explodes!
The fireball engulfs the stone giant!
The stone giant is severely wounded.
The fireball engulfs something!!
Sif Muna grants you divine energy.
You briefly lose access to your magic!
You hear some strange, mumbled words.
You are confused.
You're too confused to cast spells.
Throwing (i - inventory)
q - 5 tomahawks (quivered)
Press: ? - help, Shift-Dir - straight line, f/p - stone giant
Aim: a stone giant (severely wounded)
You throw a tomahawk.
An ogre comes into view. It is wielding a +0 giant spiked club.
An adder comes into view.
A quasit comes into view.
The stone giant hits you!!!
Ouch! That really hurt!
You die...

##########......################
#...............................
#.##........[...................
#.##.###########################
#.##.# S. #.....##.#.#.. #.##.#
###. ##...#..##..##. #..^.#
.O{###...###.#...... #.#..#
#C#......#..#.#.#.# #.##.#
#.@..........[#.### #.##.#
#.#(.#......#.#.... ##.##.#
.'.#.###...###...### ....<.#
###.#..#...## ##.##.. ......#
5.##(....# #...#.# ......# ##
####### ####### ......# #..#..#
......# #.##)#. ......# ##..###


You could see a stone giant, an ogre, a quasit and an adder.

Vanquished Creatures
  Erica (D:8)
  2 two-headed ogres
  An unseen horror (D:6)
  Grinder (D:4)
  5 yaks
  A wyvern (D:10)
  A basilisk (D:9)
  2 hungry ghosts (D:9)
  Menkaure (D:6)
  A sky beast (D:5)
  2 porcupines (D:9)
  4 orc warriors
  2 ice beasts
  3 phantoms
  5 ogres
  4 centaurs
  A big kobold (D:8)
  4 crocodiles (D:9)
  11 bullfrogs
  5 scorpions
  14 wights
  5 howler monkeys
  A crimson imp (D:9)
  3 jellies
  4 hounds
  A bullfrog zombie (D:5)
  A gnoll shaman (D:7)
  10 orc priests
  A bullfrog skeleton (D:10)
  4 iguanas
  Natasha (twice) (D:4)
  19 orc wizards
  6 worker ants
  A hound skeleton (D:8)
  A howler monkey zombie (D:7)
  Robin (D:4)
  6 gnolls
  12 adders
  3 shadow imps
  3 worms (D:2)
  4 dart slugs
  9 leopard geckos
  43 orcs
  5 ball pythons
  7 bats
  7 giant cockroaches
  20 goblins
  9 hobgoblins
  14 jackals
  6 quokkas
  A ball python skeleton (D:5)
  3 frilled lizards
  A giant cockroach zombie (D:5)
  11 kobolds
  A quokka skeleton (D:9)
  A quokka zombie (D:6)
  9 rats
306 creatures vanquished.

Vanquished Creatures (others)
  A bush (D:9)
  A fungus (D:9)
  25 plants
27 creatures vanquished.

Grand Total: 333 creatures vanquished

Notes
Turn   | Place    | Note
-------+----------+-------------------------------------------
     0 | D:1      | TrebMcFLY the Deep Elf Fire Elementalist began the quest
                  | for the Orb.
     0 | D:1      | Reached XP level 1. HP: 10/10 MP: 6/6
   178 | D:1      | Found a shimmering altar of Xom.
   185 | D:1      | Reached XP level 2. HP: 12/15 MP: 6/8
   218 | D:1      | Learned a level 2 spell: Throw Flame
   486 | D:1      | Reached skill level 4 in Fire Magic
   674 | D:2      | Reached XP level 3. HP: 12/19 MP: 7/10
   724 | D:2      | Learned a level 3 spell: Conjure Flame
   882 | D:2      | Reached XP level 4. HP: 22/24 MP: 0/11
  1599 | D:2      | Reached skill level 5 in Fire Magic
  1685 | D:2      | Found a faded altar of an unknown god.
  1935 | D:3      | Reached XP level 5. HP: 23/28 MP: 2/13
  2709 | D:3      | Found an ancient bone altar of Kikubaaqudgha.
  2853 | D:4      | Reached XP level 6. HP: 32/32 MP: 0/15
  3033 | D:4      | Found a bloodstained altar of Trog.
  3121 | D:4      | Reached skill level 5 in Spellcasting
  3313 | D:4      | Noticed Robin
  3315 | D:4      | Killed Robin
  3315 | D:4      | Reached skill level 6 in Fire Magic
  3414 | D:4      | Noticed Grinder
  3933 | D:4      | Found a transporter.
  3939 | D:4      | Found a transporter.
  4019 | D:5      | Entered Level 5 of the Dungeon
  4327 | D:5      | Reached XP level 7. HP: 33/37 MP: 12/17
  4390 | D:5      | Reached skill level 1 in Fighting
  5013 | D:5      | Reached skill level 7 in Fire Magic
  5045 | D:5      | Found a staircase to the Ecumenical Temple.
  5051 | Temple   | Entered the Ecumenical Temple
  5171 | D:5      | Reached XP level 8. HP: 44/44 MP: 14/19
  5440 | D:5      | Learned a level 4 spell: Sticky Flame
  5444 | D:5      | Learned a level 3 spell: Stone Arrow
  5450 | D:5      | Learned a level 5 spell: Fireball
  5684 | D:6      | Reached skill level 1 in Armour
  5684 | D:6      | Reached skill level 1 in Earth Magic
  6162 | D:6      | Reached skill level 5 in Conjurations
  6167 | D:6      | Found a glowing silver altar of Zin.
  6168 | D:6      | Found a stormy altar of Qazlal.
  6170 | D:6      | Found a radiant altar of Vehumet.
  6197 | D:6      | Noticed an unseen horror
  6201 | D:6      | Killed an unseen horror
  6201 | D:6      | Reached skill level 5 in Stealth
  6201 | D:6      | Reached skill level 8 in Fire Magic
  6201 | D:6      | Reached XP level 9. HP: 37/49 MP: 9/21
  6753 | D:6      | Noticed Menkaure
  6756 | D:6      | Killed Menkaure
  6756 | D:6      | Reached skill level 5 in Dodging
  7018 | D:4      | Noticed Natasha
  7022 | D:4      | Killed Natasha
  7134 | D:4      | Killed Grinder
  7141 | D:4      | Noticed Natasha
  7143 | D:4      | Killed Natasha
  7832 | D:7      | Reached skill level 9 in Fire Magic
  8294 | D:7      | Found a deep blue altar of Sif Muna.
  8466 | D:7      | Became a worshipper of Sif Muna the Loreminder
  8738 | D:8      | Found a snail-covered altar of Cheibriados.
  8789 | D:8      | Reached XP level 10. HP: 56/56 MP: 0/23
  8911 | D:8      | Noticed Erica
  8916 | D:8      | Killed Erica
  8918 | D:8      | Noticed a two-headed ogre
  9084 | D:8      | Reached * piety under Sif Muna
 10040 | D:8      | Killed a two-headed ogre
 10040 | D:8      | Reached skill level 1 in Invocations
 10575 | D:9      | Reached skill level 10 in Fire Magic
 11356 | D:9      | Reached ** piety under Sif Muna
 11763 | D:9      | Found a staircase to the Lair.
 11792 | D:9      | Reached skill level 5 in Earth Magic
 11792 | D:9      | Reached XP level 11. HP: 60/61 MP: 1/25
 12144 | D:9      | Found a burning altar of Makhleb.
 12144 | D:9      | Found an ornate altar of the Wu Jian Council.
 12598 | D:10     | Entered Level 10 of the Dungeon
 12786 | D:10     | Got a shimmering robe
 12803 | D:10     | Identified the +3 robe of Hairiness {+Blink Str+2 Stlth-}
                  | (You found it on level 10 of the Dungeon)
 12887 | D:10     | Noticed a two-headed ogre
 12975 | D:10     | Killed a two-headed ogre
 13163 | D:10     | Noticed a stone giant
 13169 | D:10     | Demolished by a stone giant

Skill      XL: |  1  2  3  4  5  6  7  8  9 10 11 |
---------------+----------------------------------+-----
Fire Magic     | 4 5 6 7 8 9 10 | 10.6
Conjurations   | 2 3 4 5 6 7 |  7.3
Spellcasting   | 4 5 6 7 8 9 |  9.1
Stealth        | 3 4 5 6 7 |  7.9
Dodging        | 3 4 5 |  5.4
Fighting       | 1 2 3 4 |  4.4
Armour         | 1 2 3 4 |  4.1
Earth Magic    | 2 3 5 |  5.3
Invocations    | 2 3 |  3.2

Action                   |  1- 3 |  4- 6 |  7- 9 | 10-12 || total
-------------------------+-------+-------+-------+-------++-------
Melee: Dagger            |    18 |    17 |       |       ||    35
       Club              |       |     1 |    14 |    21 ||    36
       Falchion          |       |       |       |    44 ||    44
Throw: Tomahawk          |       |       |       |     1 ||     1
 Cast: Flame Tongue      |    42 |    96 |   123 |    45 ||   306
       Throw Flame       |    14 |    66 |    96 |    64 ||   240
       Conjure Flame     |       |     4 |     3 |     1 ||     8
       Sticky Flame      |       |       |     4 |    21 ||    25
       Stone Arrow       |       |       |    11 |    24 ||    35
       Fireball          |       |       |     4 |    33 ||    37
Invok: Divine Energy     |       |       |       |     1 ||     1
  Use: Scroll            |       |     4 |       |     2 ||     6
  Eat: Chunk             |       |    11 |    14 |    23 ||    48
Armor: Robe              |     2 |    14 |    11 |     4 ||    31
       Leather armour    |       |       |       |    25 ||    25
Dodge: Dodged            |    25 |    47 |    34 |    79 ||   185
       Rpst.: Falchion   |       |       |       |    10 ||    10
